 Dungeon Crawl Stone Soup version 0.30-a0-347-gf58ed5266c (webtiles) character file.

Game seed: 13352050858439316444

16 mcwallace the Sneak (level 2, -5/14 HPs)
             Began as a Vine Stalker Enchanter on Nov 6, 2022.
             Slain by a gnoll
             ... wielding a +0 flail
              (8 damage)
             ... on level 1 of the Dungeon.
             The game lasted 00:00:53 (424 turns).

mcwallace the Sneak (Vine Stalker Enchanter)         Turns: 424, Time: 00:00:54

Health: -5/14      AC:  2    Str: 10    XL:     2   Next: 58%
Magic:  0/6        EV: 12    Int: 15    God:
Gold:   18         SH:  0    Dex: 14    Spells: 5/5 levels left

rFire   . . .      SeeInvis .    a - +1 dagger {short}
rCold   . . .      Faith    .    (no shield)
rNeg    . . .      Spirit   +    b - +0 robe
rPois   .          Reflect  .    (no helmet)
rElec   .          Harm     .    (no cloak)
rCorr   .          Rampage  .    (no gloves)
Will    .....                    (no boots)
Stlth   ++........               (no amulet)
HPRegen 0.22/turn                (no ring)
MPRegen 0.10/turn                (no ring)

@: no status effects
A: fangs 2, magic shield, antimagic bite, no potion heal 2
a: no special abilities


You were on level 1 of the Dungeon.
You visited 1 branch of the dungeon, and saw 1 of its levels.

You collected 18 gold pieces.


Innate Abilities, Weirdness & Mutations

You have extremely sharp teeth.
When hurt, damage is shared between your health and your magic reserves.
Your bite disrupts and absorbs the magic of your enemies.
Potions cannot restore your health.


   Skills:
 + Level 0.5 Fighting
 + Level 1.1 Short Blades
 + Level 1.8 Dodging
 + Level 3.7 Stealth
 + Level 2.4 Spellcasting
 + Level 3.1 Hexes


You had 5 spell levels left.
You didn't know any spells.
Your spell library contained the following spells:

 Spells                   Type           Power      Damage    Failure   Level
 Ensorcelled Hibernation  Hex/Ice        12%        N/A       17%         2
 Confusing Touch          Hex            11%        N/A       19%         3
 Tukima's Dance           Hex            11%        N/A       19%         3
 Dazzling Flash           Conj/Hex       12%        N/A       34%         3

Inventory:

Hand Weapons
 a - a +1 dagger (weapon) {short}
Missiles
 i - 5 stones (quivered) {throwing}
Armour
 b - a +0 robe (worn)
 f - a +0 robe
   (You found it on level 1 of the Dungeon)
 j - a +0 plate armour
   (You found it on level 1 of the Dungeon)
Jewellery
 e - an amulet of reflection
   (You found it on level 1 of the Dungeon)
Scrolls
 d - a scroll of enchant armour {unknown}
 g - a scroll of teleportation {unknown}
Potions
 c - 2 potions of invisibility
 h - a potion of curing {unknown}

Dungeon Overview and Level Annotations

Branches:
Dungeon (1/15) Zot: 5577

Altars:

#.....# #.# #.....# #####.#
#.# #.....#
#.######.#####...>.#
#######..................###
#........................+..
#>.............#####.....###
####.........### #........
#####.....# #####.###
#...@.# #.# #..)rg# ###
#.....# #......# #......#
#......# ##### #.......
#.... #....... #.... #....


You could see a gnoll and a quokka.


Message History

You take 1 damage, and now have 13/14 hp.
You hit the frilled lizard.
You kill the frilled lizard! 😎 HP[+1]
Your hp is fully restored (14).
No target in view!
No target in view!
A frilled lizard comes into view.
A frilled lizard is nearby!
A frilled lizard is nearby!
The frilled lizard hisses angrily.
You hit the frilled lizard.
You kill the frilled lizard!
No target in view!
No target in view!
No target in view!
i - 5 stones {throwing}
Found a stone staircase leading down.
You see here a frilled lizard corpse.
You open the door.
There is an open door here.
You see here a frilled lizard corpse.
As you open the door, it creaks loudly!
There is an open door here.
A kobold comes into view. It is wielding a +0 dagger.
A kobold is nearby!
A kobold is nearby!
The helpless kobold fails to defend itself.
You puncture the kobold!
You kill the kobold!
No target in view!
No target in view!
You see here a +0 dagger {short}.
Key pressed, stopping explore.
Key pressed, stopping explore.
You see here a +0 hand axe {axe}.
There is a faded altar of an unknown god here.
Key pressed, stopping explore.
There is an open door here.
You open the door.
There is an open door here.
There is an open door here.
Found an escape hatch in the floor.
A bat comes into view.
You see here a +0 plate armour.
A bat is nearby!
A bat is nearby!
Found a stone staircase leading down.
The helpless bat fails to defend itself.
You puncture the bat!
You kill the bat!
No target in view!
No target in view!
j - a +0 plate armour A ball python comes into view.
A ball python is nearby!
A ball python is nearby!
The ball python misses you. The ball python barely misses you. x2
The ball python closely misses you.
You hit the ball python.
The ball python bites you but does no damage.
The ball python grabs you. The ball python constricts you.
You hit the ball python. You bite the ball python.
You kill the ball python!
No target in view!
No target in view!
A quokka comes into view.
A quokka is nearby!
A quokka is nearby!
A quokka is nearby!
A goblin comes into view. It is wielding a +0 dagger.
The goblin shouts!
A gnoll comes into view. It is wielding a +0 flail.
The quokka closely misses you.
You barely miss the quokka.
The gnoll shouts!
Your bite misses the quokka. The quokka barely misses you.
You hit the goblin.
You kill the goblin!
The quokka closely misses you.
You hit the quokka. The quokka bites you. 😕 HP[-2] MP[-1]
You take 2 damage, and now have 12/14 hp.
You lost 1 mp, and now have 5/6 mp.
You miss the quokka. The quokka barely misses you.
The quokka bites you. 😕 HP[-1] MP[-1]
You take 1 damage, and now have 11/14 hp.
You lost 1 mp, and now have 4/6 mp.
You miss the quokka. The quokka bites you. The gnoll hits you with a +0 flail!
Ouch! That really hurt!
* * * LOW HITPOINT WARNING * * *
😱 HP[-8] MP[-4]
You take 8 damage, and now have 3/14 hp.
MASSIVE DAMAGE!! (PAUSE)
You lost 4 mp, and now have 0/6 mp.
The quokka attacks as you move away! The quokka completely misses you.
The gnoll attacks as you move away! The gnoll hits you with a +0 flail!
Ouch! That really hurt!
You die...

Skill      XL: |  1 |
---------------+----+-----
Short Blades   | 1 |  1.1
Fighting       | |  0.5
Dodging        | |  1.8
Stealth        | |  3.7
Spellcasting   | |  2.4
Hexes          | |  3.1

Action                   || total
-------------------------++-------
Melee: Dagger            ||    35
       Bite              ||     8
 Stab: Sleeping          ||     6
Armor: Robe              ||     7
Dodge: Dodged            ||    21

Levels and vault maps discovered:
D:1:      minmay_arrival_solitary_statue, layout_basic, basic_ecumenical_altar

Notes
Turn   | Place    | Note
-------+----------+-------------------------------------------
     0 | D:1      | mcwallace the Vine Stalker Enchanter began the quest for
                  | the Orb.
     0 | D:1      | Reached XP level 1. HP: 9/9 MP: 4/4
     0 | D:1      | magus.rc [v1.9.6]
    47 | D:1      | Reached skill level 1 in Short Blades
   105 | D:1      | Found a faded altar of an unknown god.
   150 | D:1      | Reached XP level 2. HP: 11/14 MP: 4/6
   423 | D:1      | HP: 3/14 [gnoll/+0 flail (7)]
   424 | D:1      | Slain by a gnoll

Vanquished Creatures
  A dart slug (D:1)
  2 ball pythons (D:1)
  2 giant cockroaches (D:1)
  A hobgoblin (D:1)
  A kobold (D:1)
  A quokka (D:1)
  3 bats (D:1)
  2 frilled lizards (D:1)
  A goblin (D:1)
14 creatures vanquished.

Table legend:
 A = Non-vault XP
 B = Vault XP
 C = Vault XP percentage of total XP
 D = Non-vault monster count
 E = Vault monster count
 F = Vault count percentage of total count
                 A         B        C        D         E       F
            +---------+---------+-------+---------+---------+-------
      Total |      24 |       0 |   0.0 |      14 |       0 |   0.0
            +---------+---------+-------+---------+---------+-------
        D:1 |      24 |       0 |   0.0 |      14 |       0 |   0.0
            +---------+---------+-------+---------+---------+-------

Illustrated notes

Table legend:
 A = Kills in this place as a percentage of kills in entire the game.
 B = Kills by you in this place as a percentage of kills by you in the entire game.
 C = Kills by friends in this place as a percentage of kills by friends in the entire game.
 D = Other kills in this place as a percentage of other kills in the entire game.
 E = Experience gained in this place as a percentage of experience gained in the entire game.
 F = Experience gained in this place divided by the number of levels of this place that you have seen.
                   A       B       C       D       E      F
               +-------+-------+-------+-------+-------+----------------------
         Total | 100.0 | 100.0 |   N/A |   N/A | 100.0 |  24.0
       Dungeon | 100.0 | 100.0 |   N/A |   N/A | 100.0 |  24.0
               +-------+-------+-------+-------+-------+----------------------

Table legend: (Time is in decaauts)
 A = Elapsed time spent in this place.
 B = Non-inter-level travel time spent in this place.
 C = Inter-level travel time spent in this place.
 D = Time resting spent in this place.
 E = Time spent auto-exploring this place.
 F = Levels seen in this place.
 G = Mean time per level.
                   A        B        C        D        E       F      G
               +--------+--------+--------+--------+--------+-----+--------+
         Total |    422 |    422 |      0 |      0 |    322 |   1 |  422.0 |
       Dungeon |    422 |    422 |      0 |      0 |    322 |   1 |  422.0 |
               +--------+--------+--------+--------+--------+-----+--------+

Top non-repeatable levels by time:
     D:1: 422 daAuts
